 Dungeon Crawl Stone Soup version 0.30-a0-1114-gd936c97349 (webtiles) character file.

Game seed: 16676453523943850687

209 retardedninja the Firebug (level 5, -2/38 HPs)
             Began as a Gnoll Fire Elementalist on Apr 20, 2023.
             Slain by a gnoll
             ... wielding a +2 spear of freezing
              (6 damage)
             ... on level 3 of the Dungeon.
             The game lasted 00:05:09 (3953 turns).

retardedninja the Firebug (Gnoll Fire Elementalist) Turns: 3953, Time: 00:05:10

Health: -2/38      AC:  5    Str:  7    XL:     5   Next: 87%
Magic:  11/12      EV: 14    Int: 17    God:
Gold:   115        SH:  0    Dex: 18    Spells: 11/14 levels left

rFire   . . .      SeeInvis .    p - +0 spear
rCold   . . .      Faith    .    (no shield)
rNeg    . . .      Spirit   .    a - +0 robe
rPois   .          Reflect  .    e - +0 helmet
rElec   .          Rampage  .    s - +0 cloak
rCorr   .                        (no gloves)
Will    .....                    g - +0 pair of boots
Stlth   +++                      (no amulet)
HPRegen 0.26/turn                d - +6 ring of dexterity
MPRegen 0.13/turn                (no ring)

@: brilliant, flying
A: fangs 1, strong nose, distributed training
a: no special abilities


You were on level 3 of the Dungeon.
You visited 1 branch of the dungeon, and saw 3 of its levels.

You collected 115 gold pieces.

Inventory:

Hand Weapons
 p - a +0 spear (weapon)
Armour
 a - a +0 robe (worn)
 e - a +0 helmet (worn)
 g - a +0 pair of boots (worn)
 s - a +0 cloak (worn)
Jewellery
 d - a +6 ring of dexterity (left hand)
Scrolls
 f - 2 scrolls of identify {unknown}
 h - a scroll of silence {unknown}
 i - 3 scrolls of immolation {unknown}
 m - a scroll of enchant armour {unknown}
 n - 2 scrolls of teleportation {unknown}
 o - a scroll of enchant weapon {unknown}
 t - a scroll of vulnerability {unknown}
Potions
 k - a potion of attraction {unknown}
 l - a potion of flight
 q - a potion of haste {unknown}


   Skills:
 + Level 1.7 Fighting
 + Level 1.7 Short Blades
 + Level 1.7 Long Blades
 + Level 1.7 Axes
 + Level 1.7 Maces & Flails
 + Level 1.7 Polearms
 + Level 1.7 Staves
 + Level 1.7 Ranged Weapons
 + Level 1.7 Throwing
 + Level 1.7 Armour
 + Level 4.9 Dodging
 + Level 4.5 Stealth
 + Level 1.7 Shields
 + Level 1.7 Unarmed Combat
 + Level 5.3 Spellcasting
 + Level 2.5 Conjurations
 + Level 1.3 Hexes
 + Level 1.3 Summonings
 + Level 1.3 Necromancy
 + Level 1.3 Translocations
 + Level 1.3 Transmutations
 + Level 5.6 Fire Magic
 + Level 1.3 Ice Magic
 + Level 1.3 Air Magic
 + Level 1.3 Earth Magic
 + Level 1.3 Poison Magic
 + Level 2.0 Invocations
 + Level 1.7 Evocations


You had 11 spell levels left.
You knew the following spells:

 Your Spells              Type           Power      Damage    Failure   Level
a - Foxfire               Conj/Fire      100%       2x1d9     2%          1
b - Scorch                Fire           70%        2d8       1%          2

Your spell library contained the following spells:

 Spells                   Type           Power      Damage    Failure   Level
 Freeze                   Ice            52%        1d6       8%          1
 Inner Flame              Hex/Fire       24%        N/A       10%         3
 Volatile Blastmotes      Fire/Tloc      48%        2d14      10%         3
 Hailstorm                Conj/Ice       16%        3d6       19%         3
 Frozen Ramparts          Ice            26%        1d4       24%         3
 Flame Wave               Conj/Fire      27%        2d9       26%         4
 Ice Form                 Ice/Tmut       13%        N/A       61%         4
 Simulacrum               Ice/Necr       6%         N/A       100%        6


Dungeon Overview and Level Annotations

Branches:
Dungeon (3/15)

Altars:
Gozag
Qazlal
Trog
Yredelemnul

Shops:
D:1 :


Innate Abilities, Weirdness & Mutations

You have very sharp teeth.
Your uncanny sense of smell can sniff out nearby items.
Your experience applies equally to all skills.


Message History

The gnoll is no longer more vulnerable to fire.
The kobold misses you. The hobgoblin barely misses you.
The gnoll closely misses you.
The gnoll hits you from afar with a +0 spear.
You conjure some foxfire!
The kobold closely misses you. The hobgoblin closely misses you.
The gnoll barely misses you. The gnoll misses you.
The gnoll is no longer more vulnerable to fire.
The foxfire hits the hobgoblin.
You kill the hobgoblin!
The foxfire hits the kobold but does no damage.
The gnoll hits you from afar with a +0 spear.
The kobold closely misses you.
The gnoll hits you from afar with a +0 spear.
You conjure some foxfire!
The gnoll barely misses you. The kobold barely misses you.
The foxfire hits the gnoll.
The gnoll is moderately wounded.
The gnoll hits you from afar with a +0 spear. x2
You are too injured to fight recklessly!
The foxfire hits the gnoll.
The gnoll is heavily wounded.
The gnoll barely misses you.
The gnoll hits you from afar with a +2 spear of freezing.
The gnoll freezes you. The kobold hits you but does no damage.
The gnoll hits you from afar with a +0 spear.
The gnoll attacks as you move away! The gnoll hits you with a +0 club.
The gnoll hits you from afar with a +2 spear of freezing.
* * * LOW HITPOINT WARNING * * *
The gnoll freezes you.
* * * LOW HITPOINT WARNING * * *
It was a potion of flight.
You feel very buoyant.
You fly up into the air.
The kobold hits you but does no damage. The gnoll misses you.
The gnoll closely misses you.
The gnoll hits you from afar with a +0 spear.
* * * LOW HITPOINT WARNING * * *
It was a potion of brilliance.
You feel clever all of a sudden.
The gnoll hits you from afar with a +2 spear of freezing.
You die...

......#..............#$$$#
....).)....[.........#$$$
#######..............##'#
..........########......#
..........# #....†.#
..........########......#
#######.........))g..##+#
+.........gKg..# #.........@.gg.#
#≈≈≈≈≈≈≈ ######################
#≈≈≈≈≈≈≈
≈≈≈≈≈≈≈≈≈≈≈≈≈≈≈≈≈≈≈≈≈#####≈≈≈≈≈≈≈
≈≈≈≈≈≈≈≈≈≈≈≈≈≈≈≈≈≈≈≈≈≈≈≈≈≈≈≈≈≈≈≈≈
~~~~~~~≈~~~~~≈≈~~~~~~~~~~≈~~~≈≈≈~
~..~~.~~~|.~.~.~~.~.~~..~~~~~.~~~
.....)...........................
.......()........................
..............>...###############


You could see 5 gnolls and a kobold.

Vanquished Creatures
  A hound (D:3)
  3 gnolls (D:3)
  3 adders (D:2)
  A dart slug (D:1)
  4 ball pythons
  6 endoplasms
  2 giant cockroaches
  24 goblins
  31 hobgoblins
  10 jackals
  2 quokkas
  3 bats
  3 frilled lizards
  5 kobolds
  3 rats
101 creatures vanquished.

Vanquished Creatures (others)
  322 foxfires
322 creatures vanquished.

Grand Total: 423 creatures vanquished

Notes
Turn   | Place    | Note
-------+----------+-------------------------------------------
     0 | D:1      | retardedninja the Gnoll Fire Elementalist began the quest
                  | for the Orb.
     0 | D:1      | Reached XP level 1. HP: 13/13 MP: 6/6
   109 | D:1      | Found Qurch's Book Shop.
   173 | D:1      | Reached XP level 2. HP: 19/19 MP: 4/7
   896 | D:1      | HP: 1/20 [jackal (1)]
   915 | D:1      | Reached skill level 5 in Spellcasting
   915 | D:1      | Reached XP level 3. HP: 21/25 MP: 7/9
  1269 | D:1      | Reached skill level 1 in Invocations
  1451 | D:2      | Found a faded altar of an unknown god.
  1920 | D:2      | Reached skill level 1 in Fighting
  1920 | D:2      | Reached skill level 1 in Short Blades
  1920 | D:2      | Reached skill level 1 in Long Blades
  1920 | D:2      | Reached skill level 1 in Axes
  1920 | D:2      | Reached skill level 1 in Maces & Flails
  1920 | D:2      | Reached skill level 1 in Polearms
  1920 | D:2      | Reached skill level 1 in Staves
  1920 | D:2      | Reached skill level 1 in Ranged Weapons
  1920 | D:2      | Reached skill level 1 in Throwing
  1920 | D:2      | Reached skill level 1 in Armour
  1920 | D:2      | Reached skill level 1 in Shields
  1920 | D:2      | Reached skill level 1 in Unarmed Combat
  1920 | D:2      | Reached skill level 1 in Evocations
  1976 | D:2      | Reached XP level 4. HP: 20/32 MP: 7/11
  2543 | D:2      | Reached skill level 1 in Hexes
  2543 | D:2      | Reached skill level 1 in Summonings
  2543 | D:2      | Reached skill level 1 in Necromancy
  2543 | D:2      | Reached skill level 1 in Translocations
  2543 | D:2      | Reached skill level 1 in Transmutations
  2543 | D:2      | Reached skill level 1 in Ice Magic
  2543 | D:2      | Reached skill level 1 in Air Magic
  2543 | D:2      | Reached skill level 1 in Earth Magic
  2543 | D:2      | Reached skill level 1 in Poison Magic
  2767 | D:3      | Found a basalt altar of Yredelemnul.
  2889 | D:3      | Learned a level 2 spell: Scorch
  2993 | D:3      | Reached XP level 5. HP: 37/37 MP: 9/12
  3071 | D:3      | Found a stormy altar of Qazlal.
  3071 | D:3      | Found an opulent altar of Gozag.
  3118 | D:3      | Found a bloodstained altar of Trog.
  3953 | D:3      | Slain by a gnoll

Illustrated notes

Levels and vault maps discovered:
D:1:      spicycebolla_arrival_xxxplode, layout_basic, serial_shops, shop,
          minivault_24, hangedman_decor_points, minmay_pentomino_p2
D:2:      layout_loops_ring, hellmonk_ecumenical_altar_crossroads
D:3:      minmay_goblin_kobold_castle, layout_basic,
          mainiacjoe_overflow_alcove_2, lightli_temple_of_fire,
          gammafunk_temple_overflow_statue, minmay_statues_item, hex_tiny

Skill      XL: |  1  2  3  4  5 |
---------------+----------------+-----
Conjurations   | 2 |  2.5
Spellcasting   | 5 |  5.3
Invocations    | 1 2 |  2.0
Fighting       | 1 |  1.7
Short Blades   | 1 |  1.7
Long Blades    | 1 |  1.7
Axes           | 1 |  1.7
Maces & Flails | 1 |  1.7
Polearms       | 1 |  1.7
Staves         | 1 |  1.7
Ranged Weapons | 1 |  1.7
Throwing       | 1 |  1.7
Armour         | 1 |  1.7
Shields        | 1 |  1.7
Unarmed Combat | 1 |  1.7
Evocations     | 1 |  1.7
Hexes          | 1 |  1.3
Summonings     | 1 |  1.3
Necromancy     | 1 |  1.3
Translocations | 1 |  1.3
Transmutations | 1 |  1.3
Ice Magic      | 1 |  1.3
Air Magic      | 1 |  1.3
Earth Magic    | 1 |  1.3
Poison Magic   | 1 |  1.3
Dodging        | |  4.9
Stealth        | |  4.5
Fire Magic     | |  5.6

Action                     |  1- 3 |  4- 6 || total
---------------------------+-------+-------++-------
  Melee: Unarmed           |    23 |       ||    23
         Bite              |     5 |       ||     5
         Spear             |       |     6 ||     6
   Cast: Foxfire           |    94 |   100 ||   194
         Scorch            |       |    14 ||    14
    Use: Potion            |     1 |     4 ||     5
 Armour: Robe              |    13 |    21 ||    34
  Dodge: Dodged            |    80 |    75 ||   155

Table legend: (Time is in decaauts)
 A = Elapsed time spent in this place.
 B = Non-inter-level travel time spent in this place.
 C = Inter-level travel time spent in this place.
 D = Time resting spent in this place.
 E = Time spent auto-exploring this place.
 F = Levels seen in this place.
 G = Mean time per level.
                   A        B        C        D        E       F      G
               +--------+--------+--------+--------+--------+-----+--------+
         Total |   3954 |   3923 |     31 |     70 |   3198 |   3 | 1318.0 |
       Dungeon |   3954 |   3923 |     31 |     70 |   3198 |   3 | 1318.0 |
               +--------+--------+--------+--------+--------+-----+--------+

Top non-repeatable levels by time:
     D:1: 1449 daAuts
     D:3: 1266 daAuts
     D:2: 1238 daAuts
